Map: Ruins of Seras

Players

RoachMan - Winner!

  • Race: Zerg Zerg
  • League: Master

Richardfeder

  • Race: Terran Terran
  • League: Master

VOD

Have the link to the VOD?

Description

Time

  • Played on: Feb. 20, 2016, 2:53 p.m.
  • Length: 12:14
Show
View Real Time Build Order
Export as new Build Order

RoachMan Zerg - Winner!

Build Orders: Hatch First, Muta Ling Bane 

Get SALT Encoding   

  12  0:01  Drone  
  13  0:16  Overlord  
  13  0:19  Drone  
  14  0:35  Drone x2  
  16  0:44  Drone  
  17  0:56  Hatchery  
  16  0:58  Drone  
  16  1:00  Drone  
  18  1:07  Extractor  
  17  1:18  Spawning Pool  
  16  1:24  Drone x2  
  18  1:36  Drone  
  19  1:43  Overlord  
  19  2:04  Queen  
  19  2:06  Zergling x2  
  19  2:07  Zergling x2, Queen  
  25  2:10  Metabolic Boost  
  25  2:13  Drone  
  26  2:17  Drone  
  27  2:23  Drone  
  28  2:30  Overlord  
  28  2:33  Drone  
  29  2:40  Queen  
  31  2:46  Drone  
  31  2:47  Drone  
  33  2:53  Lair  
  33  2:56  Drone  
  34  3:00  Drone  
  34  3:04  Extractor  
  34  3:06  Drone x2  
  34  3:11  Drone  
  37  3:14  Overlord  
  37  3:19  Overlord  
  37  3:24  Overlord  
  37  3:30  Drone x3  
  37  3:32  Drone  
  41  3:34  Drone  
  41  3:41  Spore Crawler  
  41  3:44  Drone, Extractor  
  41  3:45  Drone x2  
  44  3:53  Spire  
  44  3:55  Drone  
  44  4:01  Drone  
  44  4:02  Drone, Overlord  
  46  4:04  Drone  
  46  4:07  Overlord  
  46  4:08  Drone  
  48  4:13  Drone  
  48  4:14  Drone  
  50  4:20  Drone x5  
  55  4:27  Extractor  
  55  4:29  Overlord  
  53  4:34  Drone x2  
  55  4:39  Zergling x4  
  57  4:47  Zergling x6  
  57  4:49  Hatchery  
  57  4:52  Zergling x4  
  61  5:02  Overlord x2  
  61  5:18  Mutalisk x6  
  61  5:19  Mutalisk  
  75  5:22  Drone  
  75  5:27  Drone x3  
  79  5:34  Evolution Chamber  
  78  5:36  Evolution Chamber  
  78  5:37  Baneling Nest  
  78  5:40  Drone  
  78  5:41  Drone x2  
  79  5:44  Overlord  
  79  5:48  Zerg Flyer Weapons Level 1  
  79  5:50  Drone x2  
  79  5:53  Overlord  
  80  5:57  Drone x2  
  80  5:58  Drone  
  83  6:06  Zerg Melee Weapons Level 1  
  83  6:12  Zerg Ground Armor Level 1  
  83  6:18  Drone, Extractor  
  84  6:19  Drone x7, Extractor  
  84  6:21  Drone  
  90  6:29  Baneling  
  90  6:30  Baneling x7  
  90  6:34  Zergling x2  
  90  6:35  Zergling x12  
  95  6:45  Centrifical Hooks  
  95  6:46  Drone x2  
  95  6:47  Drone x2  
  99  6:50  Queen  
  99  6:52  Overseer  
  101  6:55  Overlord x2  
  101  6:57  Overlord  
  101  6:59  Overlord  
  101  7:01  Baneling  
  101  7:06  Zergling x2  
  102  7:10  Hatchery  
  102  7:14  Zergling x2  
  102  7:15  Zergling x10  
  107  7:19  Overseer  
  107  7:21  Zergling x4  
  107  7:22  Zergling x6  
  112  7:25  Overlord  
  112  7:30  Overseer, Overlord x2  
  112  7:33  Zergling x6  
  115  7:39  Mutalisk x2  
  115  7:40  Mutalisk  
  121  7:45  Zergling x2  
  121  7:46  Zergling x2, Infestation Pit  
  121  7:50  Zergling x2  
  121  7:51  Zergling x8  
  127  7:56  Mutalisk x2  
  123  8:06  Mutalisk  
  123  8:07  Mutalisk x4  
  123  8:09  Baneling x2  
  123  8:10  Zergling x2  
  123  8:11  Zergling x2  
  135  8:14  Zergling x4  
  135  8:19  Zergling x6  
  140  8:21  Zergling x2  
  140  8:25  Baneling  
  140  8:26  Baneling x9  
  141  8:30  Zergling x6  
  140  8:37  Zergling x2  
  140  8:38  Zergling x10  
  142  8:48  Hive  
  136  8:54  Zergling x12  
  136  8:55  Zergling x10  
  141  8:58  Mutalisk  
  141  8:59  Mutalisk  
  132  9:04  Overlord  
  132  9:06  Overlord  
  132  9:07  Drone  
  132  9:08  Drone x2  
  133  9:16  Zergling x8  
  129  9:20  Baneling x10  
  129  9:21  Baneling  
  129  9:22  Extractor  
  126  9:32  Zergling x18  
  135  9:41  Zergling x8  
  135  9:42  Zergling x2  
  135  9:44  Overseer  
  138  9:49  Zerg Ground Armor Level 2, Zerg Melee Weapons Level 2  
  138  9:51  Baneling  
  138  9:52  Baneling x5  
  138  9:55  Queen  
  138  9:56  Mutalisk  
  142  10:02  Overlord  
  142  10:05  Zergling x2  
  142  10:06  Zergling x12  
  149  10:11  Ultralisk Cavern  
  148  10:20  Overlord  
  144  10:21  Zergling x2  
  144  10:22  Zergling x14  
  152  10:29  Overlord  
  152  10:32  Baneling x4  
  152  10:35  Adrenal Glands  
  152  10:37  Zergling x8  
  152  10:38  Zergling x6  
  159  10:43  Overlord  
  154  11:04  Ultralisk x2  
  156  11:14  Overseer  
  156  11:16  Overlord  
  156  11:20  Ultralisk x2  
  156  11:24  Drone x7  
  175  11:28  Overlord  
  178  11:47  Baneling x11  
  178  11:48  Baneling x13  
  178  11:50  Overlord  
Show
View Real Time Build Order
Export as new Build Order

Richardfeder Terran 

Build Orders: Reaper Expand, MMM Bio 

Get SALT Encoding   

  12  0:00  SCV  
  13  0:13  SCV  
  14  0:18  Supply Depot  
  14  0:25  SCV  
  15  0:39  SCV  
  15  0:42  Barracks  
  16  0:45  Refinery  
  16  0:52  SCV  
  17  1:04  SCV  
  18  1:16  SCV  
  19  1:29  Orbital Command  
  19  1:30  Reaper  
  20  1:44  Command Center  
  20  1:53  Supply Depot  
  20  1:55  SCV  
  21  2:08  SCV, Barracks Reactor  
  22  2:20  SCV  
  23  2:26  Factory  
  23  2:30  Bunker  
  23  2:32  SCV  
  24  2:42  Refinery  
  24  2:44  SCV, Marine x2  
  27  2:56  SCV  
  28  3:00  Orbital Command  
  28  3:02  Marine x2  
  30  3:11  Factory Tech Lab  
  30  3:14  SCV  
  30  3:18  Command Center  
  31  3:24  Marine x2  
  34  3:27  SCV  
  34  3:34  SCV  
  35  3:44  Siege Tank  
  35  3:45  Marine x2  
  35  3:46  SCV  
  40  3:54  SCV  
  41  3:58  SCV  
  41  3:59  Refinery  
  41  4:02  Barracks  
  42  4:04  Barracks  
  42  4:09  SCV  
  43  4:11  Marine x2  
  43  4:13  SCV  
  43  4:16  Supply Depot  
  45  4:26  Factory Tech Lab  
  45  4:28  SCV x2  
  46  4:37  Engineering Bay  
  46  4:38  Engineering Bay  
  46  4:41  Orbital Command  
  46  4:42  SCV  
  47  4:54  SCV x2  
  47  4:56  Barracks Reactor  
  47  4:57  Stimpack, Marine x2  
  51  5:05  Orbital Command  
  51  5:06  SCV  
  52  5:10  Factory Reactor  
  52  5:11  Terran Infantry Weapons Level 1, Terran Infantry Armor Level 1  
  52  5:13  SCV  
  53  5:22  SCV  
  53  5:24  Marine x2  
  53  5:25  Marine  
  57  5:30  SCV x2, Barracks  
  57  5:32  Supply Depot, Barracks  
  59  5:41  SCV  
  59  5:42  SCV  
  61  5:43  Bunker  
  61  5:44  SCV  
  61  5:47  Missile Turret  
  62  5:51  Missile Turret  
  62  5:52  Refinery, Marine x4  
  66  5:57  Marine  
  66  6:02  Starport  
  63  6:11  SCV  
  61  6:13  Missile Turret  
  61  6:14  Marine x2  
  61  6:15  Marine x3  
  61  6:18  SCV x2  
  68  6:20  Missile Turret  
  68  6:23  Barracks Reactor  
  68  6:24  Barracks Reactor  
  61  6:34  SCV x2  
  61  6:35  SCV  
  62  6:42  Armory  
  62  6:46  SCV x2  
  64  6:51  Marine x2  
  64  6:52  Marine x2  
  64  6:53  SCV, Marine, Factory  
  70  6:57  Supply Depot  
  70  6:58  SCV  
  70  6:59  SCV  
  72  7:02  Marine  
  72  7:03  Marine x3  
  72  7:07  SCV  
  76  7:16  Marine  
  76  7:18  Marine x4, Medivac, Widow Mine  
  76  7:22  Combat Shields  
  85  7:28  Missile Turret  
  85  7:31  Supply Depot  
  85  7:39  Terran Infantry Weapons Level 2  
  85  7:40  Terran Infantry Armor Level 2  
  85  7:45  Supply Depot  
  85  7:48  Factory Reactor  
  85  7:50  SCV  
  85  7:51  SCV x2  
  85  7:53  Medivac  
  86  8:07  SCV x3  
  86  8:08  Widow Mine  
  86  8:10  Medivac  
  93  8:13  Marine  
  93  8:14  Marine x7  
  93  8:18  Supply Depot  
  101  8:24  Barracks  
  101  8:32  Supply Depot  
  101  8:39  Widow Mine  
  101  8:40  SCV x3, Medivac  
  101  8:41  Widow Mine x2  
  108  8:42  Marine x2  
  108  8:43  Marine  
  108  8:44  Marine, Marauder  
  104  8:48  Marine x2  
  104  8:49  Marine x2  
  101  8:55  SCV x2  
  101  9:00  Marine x2  
  101  9:01  Marine  
  83  9:06  Marauder  
  85  9:10  Medivac x2  
  87  9:17  SCV x3  
  87  9:23  Marine x2, Missile Turret  
  87  9:24  Marine x6  
  92  9:27  Marauder  
  92  9:29  SCV x2  
  101  9:32  Marine  
  102  9:41  Marine x3  
  102  9:42  Marine x4  
  104  9:52  Missile Turret  
  104  10:04  SCV x3  
  106  10:16  SCV  
  99  10:23  SCV x2  
  100  10:28  SCV  
  100  10:31  Medivac  
  100  10:35  SCV x2  
  105  10:37  Supply Depot  
  105  10:40  Command Center, Widow Mine x2  
  109  10:53  Marine  
  109  10:54  Marine x2  
  109  10:56  Marine  
  109  10:59  Marauder, Marine x3  
  109  11:00  SCV x3  
  116  11:12  SCV  
  117  11:21  Supply Depot x2  
  117  11:22  Supply Depot  
  117  11:23  Supply Depot  
  117  11:28  Refinery  
  117  11:30  Refinery  
  117  11:32  Marine  
  117  11:40  SCV  
  117  11:42  Marine x5, Widow Mine x2  
  117  11:43  Widow Mine  
  127  11:50  Command Center  
  119  11:56  Marine  
Tags
 
Add a new tag
Caveats
  • Supply blocks, unpowered buildings, or Contaminate may cause inaccurate times.
  • Supply counts are checked every 10 seconds.